 Dungeon Crawl Stone Soup version 0.28-a0-1128-gb845255321 (webtiles) character file.

Game seed: 14195887950516121856

7525 Peloso the Carver (level 10, -1/91 HPs)
             Began as a Minotaur Fighter on Dec 12, 2021.
             Was a High Priest of Okawaru.
             Killed by divine providence
             ... invoked by an orc priest
              (15 damage)
             ... on level 9 of the Dungeon.
             The game lasted 00:18:46 (9774 turns).

Peloso the Carver (Minotaur Fighter)                Turns: 9774, Time: 00:18:47

Health: -1/91      AC: 18    Str: 22    XL:     10   Next: 95%
Magic:  7/9        EV: 12    Int:  5    God:    Okawaru [*****.]
Gold:   634        SH: 13    Dex: 15    Spells: 9/9 levels left

rFire   . . .      SeeInvis .   a - +3 falchion
rCold   . . .      Faith    .   c - +0 buckler
rNeg    . . .      Spirit   .   u - +0 chain mail
rPois   .          Reflect  +   (helmet restricted)
rElec   .          Harm     .   e - +0 cloak
rCorr   .          Rampage  .   j - +0 pair of gloves
Will    .....                   g - +0 pair of boots
Stlth   ..........              s - amulet of reflection
HPRegen 0.25/turn               (no ring)
MPRegen 0.11/turn               (no ring)

@: heroic
A: horns 2, retaliatory headbutt, agile 1
a: Renounce Religion, Heroism, Finesse, Duel


You were on level 9 of the Dungeon.
You worshipped Okawaru.
Okawaru was extremely pleased with you.
You visited 2 branches of the dungeon, and saw 10 of its levels.
You also visited: Ossuary.

You collected 773 gold pieces.
You spent 139 gold pieces at shops.

Inventory:

Hand Weapons
 a - a +3 falchion (weapon)
 b - a +4 spear of flaming
Missiles
 r - 2 throwing nets (quivered)
Armour
 c - a +0 buckler (worn)
 e - a +0 cloak (worn)
 g - a +0 pair of boots (worn)
 j - a +0 pair of gloves (worn)
 u - a +0 chain mail (worn)
Jewellery
 s - an amulet of reflection (around neck)
 y - a ring of ice
Wands
 q - a wand of iceblast (10)
 w - a wand of polymorph (3)
 D - a wand of digging (7)
 E - a wand of paralysis (8)
Scrolls
 h - 2 scrolls of blinking
 i - a scroll of identify
 l - 7 scrolls of teleportation
 n - 2 scrolls of fear
 o - 5 scrolls of fog
 t - 2 scrolls of enchant armour
 v - a scroll of amnesia
 B - a scroll of noise
 C - 2 scrolls of immolation
Potions
 d - 4 potions of curing
 f - 2 potions of brilliance
 k - a potion of ambrosia
 m - 3 potions of heal wounds
 p - 3 potions of haste
 x - a potion of invisibility {unknown}
 z - 2 potions of mutation
 A - 5 potions of lignification {unknown}
 F - a potion of resistance {unknown}


   Skills:
 + Level 9.4(14.4) Fighting
 + Level 12.7(17.7) Long Blades
 + Level 9.7(14.7) Armour
 + Level 4.2(9.2) Dodging
 + Level 0.6(5.6) Stealth
 + Level 9.2(14.2) Shields
 + Level 0.2 Invocations


You had 9 spell levels left.
You didn't know any spells.
Your spell library contained the following spells:

 Spells                   Type           Power      Damage    Failure   Level
 Slow                     Hex            0%         N/A       94%         1
 Spellforged Servitor     Conj/Summ      Unusable   N/A       N/A         7

Dungeon Overview and Level Annotations

Branches:
Dungeon (9/15)             Temple (1/1) D:4            Lair (0/6) D:8
    Orc (0/2) D:9         Ossuary (visited)

Altars:
Ashenzari
Cheibriados
Dithmenos
Elyvilon
Fedhas
Gozag
Hepliaklqana
Kikubaaqudgha
Makhleb
Nemelex Xobeh
Okawaru
Qazlal
Ru
Sif Muna
Trog
Uskayaw
Vehumet
Wu Jian
Xom
Yredelemnul
Zin
The Shining One

Shops:
D:4 ?   D:7 =   D:9 *!

Annotations:
D:9 2 runed translucent doors, Dwachs's ghost, journeyman FoFi


Innate Abilities, Weirdness & Mutations

You have a pair of horns on your head.
You reflexively headbutt those who attack you in melee.
You are agile. (Dex +2)


Message History

The two-headed ogre is lightly wounded.
You block the two-headed ogre's attack. x2
You hit the two-headed ogre. You headbutt the two-headed ogre!
The two-headed ogre is moderately wounded.
You hit the two-headed ogre.
The two-headed ogre is moderately wounded.
The orc wizard mumbles some strange words.
The orc wizard flickers and vanishes!
Deactivating autopickup; reactivate with Ctrl-A.
The orc priest mumbles some strange prayers to Beogh against you.
Beogh smites you! The two-headed ogre barely misses you.
You block the two-headed ogre's attack.
You hit the two-headed ogre.
The two-headed ogre is heavily wounded.
You hit the two-headed ogre.
Your headbutt misses the two-headed ogre.
The two-headed ogre is heavily wounded.
The two-headed ogre hits you with a +0 giant club!!
You block the two-headed ogre's attack.
You barely miss the two-headed ogre.
The two-headed ogre is heavily wounded.
You hit the two-headed ogre but do no damage.
You headbutt the two-headed ogre!
The two-headed ogre is severely wounded.
You block the two-headed ogre's attack.
The two-headed ogre hits you with a +0 giant spiked club!
You slash the two-headed ogre!
You headbutt the two-headed ogre, but do no damage.
The two-headed ogre is almost dead.
You hit the two-headed ogre.
Your headbutt misses the two-headed ogre.
The two-headed ogre is almost dead.
The two-headed ogre hits you with a +0 giant club.
* * * LOW HITPOINT WARNING * * *
The two-headed ogre hits you with a +0 giant spiked club!
* * * LOW HITPOINT WARNING * * *
You gain the combat prowess of a mighty hero.
The orc priest calls down the wrath of Beogh upon you.
Beogh smites you!
You die...

####.#... #....O###..
#.#........
####.#.######.
#.....††#####.#
#.#####{o.....#
..#####.# #o#######
........# #O#
.######.# #@# ######
#.#####.#
∩.∩.∩#####..........#
................###..#
..⌠....#####...## >#
............#.## #
∩.∩.∩#.###....#
######..†.....#
#..##.###...##


You could see a two-headed ogre, an orc priest and an orc.

Vanquished Creatures
  A hornet (D:7)
  Prince Ribbit (D:8)
  Sigmund (D:3)
  A vampire (D:9)
  12 yaks (D:8)
  4 wyverns
  A basilisk (D:8)
  A steam dragon (D:8)
  5 water moccasins (D:8)
  An ice beast (D:5)
  A black bear (D:8)
  4 orc warriors
  A sky beast (D:7)
  A necrophage (D:6)
  2 centaurs (D:6)
  3 ogres
  3 phantoms
  3 bullfrogs
  2 gnoll sergeants
  6 scorpions
  A water moccasin zombie (D:6)
  11 wights
  3 howler monkeys (D:9)
  4 hounds
  A jelly (D:8)
  2 orc priests
  3 centaur zombies
  A bullfrog skeleton (D:6)
  2 gnoll shamans
  A centaur skeleton (D:7)
  4 iguanas
  5 orc wizards
  8 mummies (Ossuary)
  A howler monkey zombie (D:6)
  15 gnolls
  A howler monkey skeleton (D:5)
  5 adders
  2 white imps
  2 worms (D:2)
  4 dart slugs
  27 orcs
  6 endoplasms
  6 giant cockroaches
  8 goblins
  4 hobgoblins
  6 jackals
  4 quokkas
  4 ball pythons
  3 bats
  4 frilled lizards
  2 gnoll zombies (Ossuary)
  2 hobgoblin zombies (Ossuary)
  6 kobolds
  A kobold zombie (Ossuary)
  3 orc zombies (Ossuary)
  3 rats
219 creatures vanquished.

Vanquished Creatures (others)
  A fungus (D:8)
  8 plants (D:8)
9 creatures vanquished.

Grand Total: 228 creatures vanquished

Notes
Turn   | Place    | Note
-------+----------+-------------------------------------------
     0 | D:1      | Peloso the Minotaur Fighter began the quest for the Orb.
     0 | D:1      | Reached XP level 1. HP: 19/19 MP: 0/0
   392 | D:1      | Reached XP level 2. HP: 18/27 MP: 1/1
  1020 | D:2      | Reached skill level 3 in Long Blades
  1022 | D:2      | Reached XP level 3. HP: 28/33 MP: 2/2
  1530 | D:2      | Found a faded altar of an unknown god.
  1555 | D:2      | Gained mutation: You are agile. (Dex +2) [potion of
                  | mutation]
  1836 | D:3      | Noticed Sigmund
  1841 | D:3      | Killed Sigmund
  1842 | D:3      | Reached skill level 5 in Long Blades
  1842 | D:3      | Reached skill level 1 in Dodging
  1842 | D:3      | Reached XP level 4. HP: 41/41 MP: 3/3
  1842 | D:3      | Reached XP level 5. HP: 47/47 MP: 4/4
  1975 | D:3      | Noticed an ogre
  1982 | D:3      | Killed an ogre
  1983 | D:3      | Reached skill level 6 in Long Blades
  1983 | D:3      | Reached XP level 6. HP: 36/55 MP: 5/5
  2727 | D:4      | Reached skill level 5 in Fighting
  2867 | D:4      | Found a staircase to the Ecumenical Temple.
  2921 | Temple   | Entered the Ecumenical Temple
  2960 | Temple   | Became a worshipper of Warmaster Okawaru
  3029 | D:4      | Found Sawu's Magic Scroll Shoppe.
  3032 | D:4      | Bought a scroll of identify for 24 gold pieces
  3032 | D:4      | Bought a scroll of fog for 24 gold pieces
  3032 | D:4      | Bought a scroll of identify for 24 gold pieces
  3032 | D:4      | Bought a scroll of identify for 24 gold pieces
  3076 | D:4      | Reached skill level 7 in Long Blades
  3076 | D:4      | Reached XP level 7. HP: 50/61 MP: 6/6
  3711 | D:5      | Entered Level 5 of the Dungeon
  3725 | D:5      | Reached skill level 5 in Armour
  4197 | D:5      | Reached * piety under Okawaru
  4198 | D:5      | Reached skill level 8 in Long Blades
  4387 | D:5      | Reached XP level 8. HP: 43/70 MP: 7/7
  4843 | D:5      | Reached skill level 5 in Shields
  4906 | D:5      | Found an opulent altar of Gozag.
  5201 | D:6      | Reached skill level 9 in Long Blades
  5725 | D:6      | Reached ** piety under Okawaru
  6229 | D:6      | Reached XP level 9. HP: 78/78 MP: 8/8
  6411 | D:7      | Reached skill level 10 in Long Blades
  6625 | D:7      | Found Wopsoik's Jewellery Boutique.
  6879 | D:7      | Paralysed by a hornet for 3 turns
  7333 | D:8      | Reached skill level 11 in Long Blades
  7379 | D:8      | Reached *** piety under Okawaru
  7729 | D:8      | Found a sand-covered staircase.
  7761 | Ossuary  | Entered an ossuary
  8234 | D:8      | Reached XP level 10. HP: 78/86 MP: 9/9
  8329 | D:8      | Reached **** piety under Okawaru
  8416 | D:8      | Noticed Prince Ribbit
  8427 | D:8      | Killed Prince Ribbit
  8428 | D:8      | Reached skill level 12 in Long Blades
  8432 | D:8      | Found a staircase to the Lair.
  8660 | D:8      | Reached ***** piety under Okawaru
  9541 | D:9      | Found a large runed translucent door.
  9541 | D:9      | Found a large runed translucent door.
  9544 | D:9      | Noticed Dwachs's ghost (journeyman FoFi)
  9583 | D:9      | Got the Disquisition on Supportive Execration
  9586 | D:9      | Found Piubbusk's Distillery.
  9595 | D:9      | Received a gift from Okawaru
  9662 | D:9      | Bought a potion of attraction for 33 gold pieces
  9663 | D:9      | Found Uminisekk's CLEARANCE SALE!.
  9683 | D:9      | Bought a scroll of identify for 10 gold pieces
  9746 | D:9      | Noticed a two-headed ogre
  9754 | D:9      | Found a staircase to the Orcish Mines.
  9774 | D:9      | Killed from afar by an orc priest

Illustrated notes

Levels and vault maps discovered:
D:1:      scummos_arrival_gate, layout_basic
D:2:      layout_basic, ebering_ecumenical_altar_sacrificial, kennysheep_potato
D:3:      layout_loops_corners, grunt_ministairs_5, hangedman_decor_peaks_small,
          uniq_sigmund
D:4:      layout_basic, minmay_temple_entry_enclosed_plants, serial_shops,
          nicolae_shop_behind_doors
D:5:      layout_gridville, nicolae_gozag_seed_capital, minmay_bent
D:6:      layout_loops_ring, st_stairs_4
D:7:      layout_basic, serial_shops, shop_statue
D:8:      layout_basic, minmay_lair_entry_grove, enter_ossuary_1,
          uniq_prince_ribbit1
D:9:      layout_loops_ring, orc_0_dummy, ebering_ghost_disaster_area,
          serial_shops, nicolae_shop_competitors_out_of_business,
          nicolae_shop_clearance
Temple:   nicolae_temple_the_god_donut

Skill      XL: |  1  2  3  4  5  6  7  8  9 10 |
---------------+-------------------------------+-----
Fighting       | 4 5 6 7 9 |  9.4
Long Blades    | 3 5 6 7 8 9 11 12 | 12.7
Armour         | 4 5 7 8 9 |  9.7
Dodging        | 1 2 3 4 |  4.2
Shields        | 4 6 7 9 |  9.2
Stealth        | |  0.6
Invocations    | |  0.2

Action                   |  1- 3 |  4- 6 |  7- 9 | 10-12 || total
-------------------------+-------+-------+-------+-------++-------
Melee: Long sword        |    90 |    74 |   313 |       ||   477
       Headbutt          |    10 |    11 |    94 |    71 ||   186
       Falchion          |       |       |    79 |   243 ||   322
Invok: Heroism           |       |       |     2 |     2 ||     4
  Use: Potion            |     3 |       |       |     1 ||     4
       Scroll            |     2 |     5 |     4 |     2 ||    13
Armor: Scale mail        |    44 |    30 |    26 |       ||   100
       Chain mail        |       |       |    96 |    69 ||   165
Dodge: Dodged            |    37 |    33 |    99 |    61 ||   230
Block: Buckler           |    23 |    11 |   185 |   108 ||   327
       Reflection        |       |       |     6 |       ||     6

Table legend: (Time is in decaauts)
 A = Elapsed time spent in this place.
 B = Non-inter-level travel time spent in this place.
 C = Inter-level travel time spent in this place.
 D = Time resting spent in this place.
 E = Time spent auto-exploring this place.
 F = Levels seen in this place.
 G = Mean time per level.
                   A        B        C        D        E       F      G
               +--------+--------+--------+--------+--------+-----+--------+
         Total |   9686 |   9401 |    285 |    304 |   7121 |  11 |  880.5 |
       Dungeon |   9342 |   9058 |    284 |    304 |   6976 |   9 | 1038.0 |
        Temple |     68 |     68 |      0 |      0 |      0 |   1 |   68.0 |
       Ossuary |    275 |    275 |      0 |      0 |    145 |   1 |  275.0 |
               +--------+--------+--------+--------+--------+-----+--------+

Top non-repeatable levels by time:
     D:8: 1845 daAuts
     D:4: 1382 daAuts
     D:6: 1287 daAuts
     D:3: 1136 daAuts
     D:5: 953 daAuts
     D:7: 917 daAuts
     D:2: 874 daAuts
     D:1: 721 daAuts
 Ossuary: 275 daAuts
     D:9: 223 daAuts
  Temple: 68 daAuts
